 Dungeon Crawl Stone Soup version 0.23.2-33-g5129a83184 (webtiles) character file.

Game seed: 7487611801928365861

119 Kold the Insei (level 5, -1/33 HPs)
             Began as an Octopode Transmuter on July 23, 2019.
             Slain by a frilled lizard (3 damage)
             ... in a sewer.
             The game lasted 00:03:31 (2420 turns).

Kold the Insei (Octopode Transmuter)                Turns: 2420, Time: 00:03:31

Health: -1/33      AC:  1    Str: 11    XL:     5   Next: 3%
Magic:  8/8        EV: 18    Int: 15    God:
Gold:   145        SH:  0    Dex: 17    Spells: 7/8 levels left

rFire    . . .     SeeInvis .     - Unarmed
rCold    . . .     Gourm    .   (no shield)
rNeg     . . .     Faith    .   (helmet restricted)
rPois    .         Spirit   .   (no amulet)
rElec    .         Reflect  .   (no ring)
rCorr    .         Harm     .   (no ring)
MR       .....                  (no ring)
Stlth    ++++......             (no ring)
HPRegen  0.11/turn              (no ring)
MPRegen  0.11/turn              (no ring)
                                (no ring)
                                (no ring)

@: agile, flying, heavily drained
A: almost no armour, stealthy swim, amphibious, 8 rings, constrict 8, camouflage
1, gelatinous body 1
a: no special abilities


You were in a sewer.
You were hungry.

You visited 1 branch of the dungeon, and saw 3 of its levels.
You also visited: Sewer.

You collected 145 gold pieces.

Inventory:

Missiles
 a - 43 arrows
Jewellery
 d - an uncursed amulet of harm
Scrolls
 b - 2 scrolls of amnesia {unknown}
 g - a scroll of fear {unknown}
 h - a scroll of noise {unknown}
 j - 3 scrolls of remove curse {unknown}
 m - a scroll of identify {unknown}
 n - 2 scrolls of fog {unknown}
 o - a scroll of enchant weapon {unknown}
 p - a scroll of magic mapping {unknown}
Potions
 e - a potion of heal wounds {unknown}
 k - a potion of lignification {unknown}
 l - a potion of curing {unknown}
Comestibles
 c - 2 rations


   Skills:
 - Level 1.0(0.0) Fighting
 + Level 3.0(1.8) Dodging
 - Level 3.0(1.8) Stealth
 + Level 3.8(2.6) Unarmed Combat
 - Level 2.0(0.8) Spellcasting
 + Level 3.0(1.8) Transmutations


You had 7 spell levels left.
You knew the following spells:

 Your Spells              Type           Power        Failure   Level  Hunger
a - Beastly Appendage     Tmut           #.....       12%         1    ##.....

Your spell library contained the following spells:

 Spells                   Type           Power        Failure   Level  Hunger
 Sticks to Snakes         Tmut           #.......     19%         2    ###....
 Spider Form              Tmut/Pois      #.........   45%         3    ####...
 Ice Form                 Ice/Tmut       #.......     86%         4    #####..
 Blade Hands              Tmut           #.........   97%         5    ######.


Dungeon Overview and Level Annotations

Branches:
Dungeon (3/15)

Altars:


Innate Abilities, Weirdness & Mutations

You cannot wear most types of armour.
You are very stealthy in the water. (Stealth+)
You are amphibious.
You can wear up to eight rings at the same time.
You can use your tentacles to constrict eight enemies at once.
Your skin changes colour to match your surroundings (Stealth+).
Your rubbery body absorbs attacks. (AC +1, EV +1)


Message History

Your base Dodging skill increases to level 3!
Your base Transmutations skill increases to level 3!
You have reached level 5!
You feel stronger. The frilled lizard misses you.
The river rat barely misses you.
You tentacle-slap the river rat. Your grab misses the river rat.
The river rat is lightly wounded.
The frilled lizard bites you.
* * * LOW HITPOINT WARNING * * *
The river rat bites you.
* * * LOW HITPOINT WARNING * * *
It was a potion of flight.
You feel very buoyant.
You fly up into the air.
The frilled lizard barely misses you. The river rat barely misses you.
It was a potion of agility.
You feel agile all of a sudden.
A river rat comes into view.
The frilled lizard bites you.
You die...

#.###...≈≈≈≈≈≈.
#∩###..≈≈≈≈≈≈≈.
####...≈≈≈≈≈≈r
##††..≈≈≈≈≈# #
#.....≈≈≈≈≈## .#
##....≈≈≈≈≈≈≈# ..#
#....≈≈≈≈≈≈≈≈##..##
#.....≈≈≈≈††≈#....#
#.....≈≈≈≈@l≈.....#
##....≈≈≈≈≈r≈≈≈....
#....≈≈≈≈≈≈≈≈.....
#...≈≈≈≈≈≈≈≈≈≈≈...
##..≈≈≈≈≈≈≈≈≈≈≈...
###'###≈≈≈≈≈≈###+#
#.))..#≈≈≈≈≈≈#
#.....#≈≈≈≈≈≈#
##...##≈≈≈≈≈≈#


You could see 2 river rats and a frilled lizard.

Vanquished Creatures
  5 adders
  A shadow imp (D:2)
  An adder zombie (D:2)
  3 worms
  2 dart slugs
  A leopard gecko (D:2)
  2 orcs (D:3)
  A ball python (Sewer)
  2 giant cockroaches (D:1)
  5 goblins
  5 hobgoblins
  6 kobolds
  2 quokkas (D:2)
  4 bats
  11 rats
51 creatures vanquished.

Notes
Turn   | Place    | Note
-------+----------+-------------------------------------------
     0 | D:1      | Kold the Octopode Transmuter began the quest for the Orb.
     0 | D:1      | Reached XP level 1. HP: 13/13 MP: 3/3
   290 | D:1      | Reached XP level 2. HP: 17/18 MP: 3/5
   306 | D:1      | Reached skill level 1 in Stealth
   979 | D:2      | Reached XP level 3. HP: 22/23 MP: 4/6
  1414 | D:2      | Reached XP level 4. HP: 19/28 MP: 5/7
  2294 | D:3      | Found a glowing drain.
  2335 | Sewer    | Entered a sewer
  2417 | Sewer    | Reached XP level 5. HP: 8/33 MP: 8/8
  2418 | Sewer    | HP: 1/33 [river rat (5)]
  2420 | Sewer    | Slain by a frilled lizard

Skill      XL: |  1  2  3  4 |
---------------+-------------+-----
Stealth        | 1 2 3 |  3.0
Dodging        | 3 |  3.0
Transmutations | 3 |  3.0
Fighting       | |  1.0
Unarmed Combat | |  3.8
Spellcasting   | |  2.0

Action                   |  1- 3 |  4- 6 || total
-------------------------+-------+-------++-------
Melee: Unarmed           |    52 |    62 ||   114
       Kick              |    15 |    11 ||    26
       Constrict         |    14 |    19 ||    33
       Tentacles         |     7 |    11 ||    18
       Punch             |     2 |     2 ||     4
 Cast: Beastly Appendage |    17 |    12 ||    29
  Use: Potion            |       |     2 ||     2
 Stab: Sleeping          |     2 |     1 ||     3
  Eat: Chunk             |     2 |     3 ||     5
Armor: Skin              |     3 |       ||     3
Dodge: Dodged            |    34 |    44 ||    78
